 Dungeon Crawl Stone Soup version 0.29-a0-477-g62b78b4225 (webtiles) character file.

Game seed: 14858459713403275395

3 lesaewzxc the Caller (level 1, 0/10 HPs)
             Began as a Kobold Summoner on May 24, 2022.
             Slain by a kobold
             ... wielding a +0 club
              (2 damage)
             ... on level 1 of the Dungeon.
             The game lasted 00:01:36 (114 turns).

lesaewzxc the Caller (Kobold Summoner)               Turns: 114, Time: 00:01:36

Health: 0/10       AC:  2    Str:  5    XL:     1   Next: 55%
Magic:  2/3        EV: 15    Int: 16    God:
Gold:   15         SH:  0    Dex: 15    Spells: 3/4 levels left

rFire   . . .      SeeInvis .   (weapon restricted)
rCold   . . .      Faith    .   (no shield)
rNeg    . . .      Spirit   .   a - +0 robe
rPois   .          Reflect  .   (no helmet)
rElec   .          Harm     .   (no cloak)
rCorr   .          Rampage  .   (no gloves)
Will    .....                   (no boots)
Stlth   +++.......              (no amulet)
HPRegen 0.03/turn               (no ring)
MPRegen 0.08/turn               (no ring)

@: no status effects
A: small, no large weapons, nightstalker 3
a: no special abilities


You were on level 1 of the Dungeon.
You visited 1 branch of the dungeon, and saw 1 of its levels.

You collected 15 gold pieces.

Inventory:

Armour
 a - a +0 robe (worn)
Potions
 b - a potion of magic
 c - a potion of curing {unknown}


   Skills:
 + Level 2.5 Dodging
 + Level 2.8 Stealth
 + Level 2.2 Spellcasting
 + Level 4.0 Summonings


You had 3 spell levels left.
You knew the following spells:

 Your Spells              Type           Power      Damage    Failure   Level
a - Summon Small Mammal   Summ           56%        N/A       3%          1

Your spell library contained the following spells:

 Spells                   Type           Power      Damage    Failure   Level
 Call Imp                 Summ           14%        N/A       6%          2
 Call Canine Familiar     Summ           14%        N/A       12%         3
 Sting                    Tmut/Pois      4%         1d3       21%         1
 Summon Guardian Golem    Hex/Summ       8%         N/A       26%         3
 Poisonous Vapours        Pois/Air       2%         N/A       30%         2
 Summon Lightning Spire   Summ/Air       8%         N/A       65%         4
 Olgreb's Toxic Radiance  Pois           1%         N/A       90%         4


Dungeon Overview and Level Annotations

Branches:
Dungeon (1/15)

Altars:


Innate Abilities, Weirdness & Mutations

You are small and have problems with some larger weapons.
You are completely attuned to the shadows.


Message History

c - a murky yellow potion An endoplasm comes into view.
Found a garnet ring.
A goblin comes into view. It is wielding a +0 dagger.
Found a stone staircase leading down.
The helpless endoplasm fails to defend itself.
You hit the endoplasm.
The endoplasm is heavily wounded.
The endoplasm closely misses you.
You hit the endoplasm but do no damage.
The endoplasm is heavily wounded.
The goblin shouts!
The endoplasm misses you.
You hit the endoplasm but do no damage.
The endoplasm is heavily wounded.
The endoplasm hits you but does no damage.
You hit the endoplasm.
The endoplasm is almost dead.
The goblin closely misses you. The endoplasm hits you.
You hit the endoplasm.
You kill the endoplasm!
A kobold comes into view. It is wielding a +0 club.
The goblin misses you. The goblin hits you but does no damage.
The kobold shouts!
You hit the goblin but do no damage.
The kobold throws a stone.
The stone closely misses you. The goblin closely misses you.
A giant cockroach comes into view.
You barely miss the goblin.
The kobold throws a stone.
The stone hits you but does no damage. The goblin hits you with a +0 dagger.
You closely miss the goblin. The goblin misses you.
Casting: Summon Small Mammal (safe; 3% risk of failure)
Press: ? - help, Q - select action Dir - look around, f - activate Look: a goblin, wielding a +0 dagger The goblin hits you with a +0 dagger.
You hit the goblin but do no damage. The giant cockroach bites you.
The goblin hits you with a +0 dagger.
* * * LOW HITPOINT WARNING * * *
The kobold hits you with a +0 club.
You die...

#..#.# ##....######
#..........#
....B......#
#...@......# ######
...Kg......# #....#
.>..r......####.≈≈.##
#..........##.'.§≈.'.
#..........##<'.≈§.'.
........####.≈≈.##
........# #....#
........#########
........##.######


You could see a giant cockroach, a goblin, a kobold (ally target) and a friendly
rat (summoned).

Vanquished Creatures
  An endoplasm (D:1)
1 creature vanquished.

Vanquished Creatures (collateral kills)
  A ball python (D:1)
  A bat (D:1)
2 creatures vanquished.

Grand Total: 3 creatures vanquished

Notes
Turn   | Place    | Note
-------+----------+-------------------------------------------
     0 | D:1      | lesaewzxc the Kobold Summoner began the quest for the Orb.
     0 | D:1      | Reached XP level 1. HP: 10/10 MP: 3/3
   114 | D:1      | Slain by a kobold

Illustrated notes

Levels and vault maps discovered:
D:1:      lightli_arrival_lavapool, layout_rooms, corexii_corridor_pit

Action                   || total
-------------------------++-------
Melee: Unarmed           ||    17
 Cast: Summon Small Mamm ||     5
 Stab: Sleeping          ||     1
Armor: Robe              ||    10
Dodge: Dodged            ||    27

Table legend: (Time is in decaauts)
 A = Elapsed time spent in this place.
 B = Non-inter-level travel time spent in this place.
 C = Inter-level travel time spent in this place.
 D = Time resting spent in this place.
 E = Time spent auto-exploring this place.
 F = Levels seen in this place.
 G = Mean time per level.
                   A        B        C        D        E       F      G
               +--------+--------+--------+--------+--------+-----+--------+
         Total |    114 |     57 |     57 |      0 |      0 |   1 |  114.0 |
       Dungeon |    114 |     57 |     57 |      0 |      0 |   1 |  114.0 |
               +--------+--------+--------+--------+--------+-----+--------+

Top non-repeatable levels by time:
     D:1: 114 daAuts
